 Dungeon Sprint DCSS version 0.28-a0-239-g68911e0c57 (webtiles) character file.

Game seed: 6737085821013888293

429 jt the Fighter (level 6, 0/64 HPs)
             Began as a Palentonga Fighter on Aug 23, 2021.
             Was an Initiate of Okawaru.
             Slain by a slime creature (19 damage)
             ... in the Dungeon (Sprint I: "Red Sonja").
             The game lasted 00:02:10 (601 turns).

jt the Fighter (Palentonga Fighter)                  Turns: 601, Time: 00:02:10

Health: 0/64       AC:  7    Str: 20    XL:     6   Next: 66%
Magic:  6/6        EV:  7    Int:  8    God:    Okawaru [......]
Gold:   314        SH: 10    Dex: 11    Spells: 5/5 levels left

rFire   . . .      SeeInvis +   a - +0 war axe
rCold   . . .      Faith    .   c - +0 kite shield
rNeg    . . .      Spirit   .   b - +0 scale mail
rPois   .          Reflect  .   (no helmet)
rElec   .          Harm     .   (no cloak)
rCorr   .          Rampage  .   (no gloves)
Will    .....      NoTele   +   (no barding)
Stlth   ..........              (no amulet)
HPRegen 0.20/turn               (no ring)
MPRegen 0.10/turn               (no ring)

@: no status effects
A: large, rugged brown scales 3, see invisible, deformed body, roll 1, armoured
tail
a: Rolling Charge, Renounce Religion


You were in the Dungeon.
You worshipped Okawaru.
Okawaru was noncommittal.
You visited 1 branch You collected 314 gold pieces.

Inventory:

Hand Weapons
 a - a +0 war axe (weapon)
 e - a +2 dagger of venom
 k - a +0 scythe
Armour
 b - a +0 scale mail (worn)
 c - a +0 kite shield (worn)
Scrolls
 j - a scroll of blinking
Potions
 d - a potion of might
 g - a potion of haste
 h - 2 potions of magic
 i - a potion of lignification {unknown}
 l - a potion of berserk rage


   Skills:
 + Level 9.9 Fighting
 - Level 2.0 Short Blades
 - Level 2.4 Axes
 - Level 3.7 Armour
 + Level 8.7 Shields


You had 5 spell levels left.
You didn't know any spells.
Your spell library was empty.

Dungeon Overview and Level Annotations

Branches:
Dungeon (1/1)

Altars:
Cheibriados
Dithmenos
Elyvilon
Fedhas
Gozag
Hepliaklqana
Kikubaaqudgha
Makhleb
Nemelex Xobeh
Okawaru
Qazlal
Ru
Sif Muna
Trog
Uskayaw
Vehumet
Wu Jian
Xom
Yredelemnul
Zin
The Shining One
Jiyva
Lugonu

Shops:
D (


Innate Abilities, Weirdness & Mutations

You are completely covered in rugged brown scales. (AC +3, +7% HP)
You have supernaturally acute eyesight. (SInv)
Armour fits poorly on your strangely shaped body.
You can roll at nearby foes to attack.
You have a long armoured tail.


Message History

The slime creature is lightly wounded.
You block the slime creature's attack.
The slime creature completely misses you.
You barely miss the slime creature.
The slime creature is lightly wounded.
The slime creature completely misses you.
You slash the slime creature!
You tail-slap the slime creature, but do no damage.
The slime creature is moderately wounded.
The slime creature hits you. The slime creature hits you!
You are too injured to fight recklessly!
You feel much better.
The slime creature hits you but does no damage.
You hit the slime creature. You tail-slap the slime creature.
The slime creature is moderately wounded.
The slime creature hits you but does no damage.
You hit the slime creature.
The slime creature is heavily wounded.
The slime creature hits you!
You slash the slime creature!
The slime creature is heavily wounded.
You block the slime creature's attack.
The slime creature hits you but does no damage.
You slash the slime creature! You tail-slap the slime creature!
The slime creature is almost dead.
The slime creature hits you!
You slash the slime creature!
The slime creature is almost dead.
The slime creature hits you!
The slime creature hits you but does no damage.
You are too injured to fight recklessly!
You are too injured to fight recklessly!
You hit the slime creature but do no damage.
The slime creature is almost dead.
The slime creature hits you.
* * * LOW HITPOINT WARNING * * *
You barely miss the slime creature.
The slime creature is almost dead.
The slime creature hits you!!
You die...

###################
#<.#..)..#.['..#__#
#..[†.#..'..#..@..+
#..#####'#####'#J_#
#..####..#...#.####
#..#__####..##.#
#..#_____##'#_.+
#⌠⌠#_.∩...'..._#
####_..__##_.#'#
#_____###+#(#
####### ###


You could see a slime creature.

Vanquished Creatures
  Sigmund (D)
  A yak (D)
  An ogre (D)
  A jelly (D)
  Ijyb (D)
5 creatures vanquished.

Vanquished Creatures (others)
  A gargoyle (D)
1 creature vanquished.

Grand Total: 6 creatures vanquished

Notes
Turn   | Place    | Note
-------+----------+-------------------------------------------
     0 | D        | jt the Palentonga Fighter began the quest for the Orb.
     0 | D        | Reached XP level 1. HP: 19/19 MP: 1/1
     4 | D        | Noticed Ijyb
    12 | D        | Killed Ijyb
    13 | D        | Reached skill level 4 in Fighting
    13 | D        | Reached XP level 2. HP: 11/27 MP: 2/2
   129 | D        | Noticed an ogre
   134 | D        | Killed an ogre
   135 | D        | Reached skill level 6 in Fighting
   135 | D        | Reached skill level 5 in Shields
   135 | D        | Reached XP level 3. HP: 26/36 MP: 3/3
   135 | D        | Reached XP level 4. HP: 30/42 MP: 4/4
   217 | D        | Noticed Sigmund
   228 | D        | Killed Sigmund
   229 | D        | Reached skill level 8 in Fighting
   229 | D        | Reached XP level 5. HP: 17/54 MP: 5/5
   431 | D        | Found a shimmering blue altar of Sif Muna.
   432 | D        | Found an ornate altar of the Wu Jian Council.
   433 | D        | Found a radiant altar of Vehumet.
   440 | D        | Reached XP level 6. HP: 43/60 MP: 6/6
   526 | D        | Found Jumabley's Weapon Emporium.
   526 | D        | Found an ancient bone altar of Kikubaaqudgha.
   526 | D        | Found a hazy altar of Hepliaklqana.
   526 | D        | Found a hide-covered altar of Uskayaw.
   526 | D        | Found a basalt altar of Yredelemnul.
   526 | D        | Found an opulent altar of Gozag.
   526 | D        | Found a snail-covered altar of Cheibriados.
   526 | D        | Found a sacrificial altar of Ru.
   526 | D        | Found a shadowy altar of Dithmenos.
   526 | D        | Noticed a yak
   533 | D        | Found a stormy altar of Qazlal.
   533 | D        | Found a blossoming altar of Fedhas.
   533 | D        | Found a bloodstained altar of Trog.
   533 | D        | Found an iron altar of Okawaru.
   533 | D        | Found a glowing silver altar of Zin.
   550 | D        | Killed a yak
   551 | D        | Reached skill level 9 in Fighting
   566 | D        | Found a glowing golden altar of the Shining One.
   566 | D        | Found a white marble altar of Elyvilon.
   568 | D        | Found a sparkling altar of Nemelex Xobeh.
   573 | D        | Became a worshipper of Warmaster Okawaru
   586 | D        | Found a viscous altar of Jiyva.
   586 | D        | Found a corrupted altar of Lugonu.
   586 | D        | Noticed a slime creature
   587 | D        | Found a burning altar of Makhleb.
   587 | D        | Found a shimmering altar of Xom.
   597 | D        | Killed a gargoyle
   601 | D        | Slain by a slime creature

Illustrated notes

Levels and vault maps discovered:
D:        dungeon_sprint_1 [red_sonja_temple_1, red_sonja_temple_small_1]

Skill      XL: |  1  2  3  4  5  6 |
---------------+-------------------+-----
Fighting       | 4 6 8 9 |  9.9
Armour         | 3 |  3.7
Shields        | 3 5 7 8 |  8.7
Short Blades   | 2 |  2.0
Axes           | |  2.4

Action                   |  1- 3 |  4- 6 || total
-------------------------+-------+-------++-------
Melee: War axe           |     5 |    13 ||    18
       Tailslap          |     4 |     6 ||    10
       Dagger            |     3 |    21 ||    24
 Abil: Rolling Charge    |     1 |     2 ||     3
  Use: Potion            |     2 |     1 ||     3
Armor: Scale mail        |     1 |     5 ||     6
Dodge: Dodged            |     1 |     8 ||     9
Block: Kite shield       |     2 |     9 ||    11

Table legend: (Time is in decaauts)
 A = Elapsed time spent in this place.
 B = Non-inter-level travel time spent in this place.
 C = Inter-level travel time spent in this place.
 D = Time resting spent in this place.
 E = Time spent auto-exploring this place.
 F = Levels seen in this place.
 G = Mean time per level.
                   A        B        C        D        E       F      G
               +--------+--------+--------+--------+--------+-----+--------+
         Total |    618 |    586 |     32 |    436 |      0 |   1 |  618.0 |
       Dungeon |    618 |    586 |     32 |    436 |      0 |   1 |  618.0 |
               +--------+--------+--------+--------+--------+-----+--------+

Top non-repeatable levels by time:
       D: 618 daAuts
